 Dungeon Crawl Stone Soup version 0.21.0-37-g46506fa (webtiles) character file.

198 Zhenya24pyc the Cudgeler (level 5, -1/34 HPs)
             Began as a Gargoyle Fighter on Feb 1, 2018.
             Slain by a gnoll (5 damage)
             ... on level 3 of the Dungeon.
             The game lasted 00:04:34 (3006 turns).

Zhenya24pyc the Cudgeler (Gargoyle Fighter)         Turns: 3006, Time: 00:04:35

Health: -1/34      AC: 12    Str: 21    XL:     5   Next: 76%
Magic:  5/5        EV:  7    Int:  8    God:
Gold:   121        SH:  9    Dex:  9    Spells: 4/4 levels left

rFire    . . .     SeeInvis .   a - +0 flail
rCold    . . .     Gourm    .   c - +0 shield
rNeg     + . .     Faith    .   b - +0 scale mail
rPois    ∞         Spirit   .   (no helmet)
rElec    +         Reflect  .   (no cloak)
rCorr    .         Harm     .   (no gloves)
MR       .....                  (no boots)
Stlth    +.........             h - amulet of inaccuracy (curse)
HPRegen  0.11/turn              i - ring of stealth
MPRegen  0.09/turn              j - +2 ring of protection

@: no status effects
A: negative energy resistance 1, electricity resistance, unbreathing,
petrification resistance, rot immunity, AC +4
a: no special abilities


You were on level 3 of the Dungeon.
You were hungry.

You visited 1 branch of the dungeon, and saw 4 of its levels.

You collected 121 gold pieces.

Inventory:

Hand Weapons
 a - a +0 flail (weapon)
Armour
 b - a +0 scale mail (worn)
 c - a +0 shield (worn)
Jewellery
 h - a cursed amulet of inaccuracy (around neck)
 i - a ring of stealth (left hand)
 j - a +2 ring of protection (right hand)
 m - an uncursed amulet of magic regeneration {unknown}
Wands
 q - a wand of flame (21)
Scrolls
 n - 3 scrolls of amnesia {unknown}
 o - 2 scrolls of remove curse {unknown}
 p - 2 scrolls of identify {unknown}
 r - a scroll of fear {unknown}
Potions
 d - a potion of might
 e - 2 potions of ambrosia {unknown}
 g - a potion of lignification {unknown}
 k - a potion of resistance {unknown}
 l - a potion of curing {unknown}
Comestibles
 f - 4 rations
 s - a chunk of flesh


   Skills:
 + Level 4.7 Fighting
 * Level 4.9 Maces & Flails
 - Level 3.2 Armour
 - Level 3.2 Shields


You had 4 spell levels left.
You didn't know any spells.

Dungeon Overview and Level Annotations

Branches:
Dungeon (4/15)             Temple (0/1) D:4

Altars:


Innate Abilities, Weirdness & Mutations

You are resistant to torment.
Your stone body is resilient. (AC +4)
You are immune to poison.
You resist negative energy. (rN+)
You are resistant to electric shocks. (rElec)
You can survive without breathing.
You are immune to petrification.
You are immune to rotting.


Message History

You can't do that while held in a net.
Unknown command.
You can't do that while held in a net.
Unknown command.
You tear a large gash into the net.
The gnoll hits you but does no damage.
You struggle against the net.
The gnoll hits you but does no damage. The gnoll completely misses you.
You rip the net and break free!
The gnoll hits you.
The gnoll hits you from afar with a spear.
* * * LOW HITPOINT WARNING * * *
You block the gnoll's attack. The gnoll closely misses you.
You block the gnoll's attack.
You climb upwards.
There is a stone staircase leading down here.
You are feeling hungry.
You miss the gnoll.
The gnoll hits you but does no damage. x3
You miss the gnoll. The gnoll hits you.
* * * LOW HITPOINT WARNING * * *
The gnoll hits you but does no damage. The gnoll hits you.
You die...

### #....###.######.#.#
#...............#.# #
###..#.###.######.#.# # #.#.##.#
#.# #.#.# # #...##.# #.######.#.#
###.####.###........#.###########
.................................
.........###.##.g##.#..##########
................@...#..# #
.....###.##..###g##....# # .....#
#.##..# #.##....########## .....#
#.##..###..#.....[........ .....#
#......................... .....#
#..#..####......####.##.## .....#
#..#..#####.....####.##.## ######
#..#...............#.##.##
########<.#..#####.....####.##.##


You could see 2 gnolls.

Vanquished Creatures
  A howler monkey (D:3)
  A gnoll shaman (D:4)
  A bullfrog skeleton (D:3)
  3 adders
  An ooze (D:4)
  3 worms
  2 leopard geckos
  4 bats
  5 giant cockroaches
  5 goblins
  7 hobgoblins
  6 jackals (D:1)
  4 kobolds
  A quokka (D:3)
  2 ball pythons
  2 frilled lizards (D:1)
  A quokka skeleton (D:4)
  15 rats
64 creatures vanquished.

Notes
Turn   | Place    | Note
-------+----------+-------------------------------------------
     0 | D:1      | Zhenya24pyc the Gargoyle Fighter began the quest for the Orb.
     0 | D:1      | Reached XP level 1. HP: 14/14 MP: 1/1
   123 | D:1      | Reached XP level 2. HP: 19/19 MP: 2/2
   306 | D:1      | Reached XP level 3. HP: 22/24 MP: 3/3
  1441 | D:2      | Reached XP level 4. HP: 26/29 MP: 4/4
  2363 | D:3      | Reached XP level 5. HP: 29/34 MP: 5/5
  2914 | D:4      | Found a staircase to the Ecumenical Temple.
  3006 | D:3      | Slain by a gnoll

Skill      XL: |  1  2  3  4 |
---------------+-------------+-----
Maces & Flails | 3 4 |  4.9
Fighting       | 4 |  4.7
Armour         | |  3.2
Shields        | |  3.2

Action                   |  1- 3 |  4- 6 || total
-------------------------+-------+-------++-------
Melee: Flail             |   132 |   224 ||   356
  Eat: Chunk             |     2 |     5 ||     7
Armor: Scale mail        |    59 |   131 ||   190
Dodge: Dodged            |    35 |    77 ||   112
Block: Shield            |    69 |   113 ||   182
